 Dungeon Crawl Stone Soup version 0.17.2-1-ge4368a0 (console) character file.

1018 Goblin1989 the Grappler (level 8, 0/67 HPs)
             Began as a Ghoul Fighter on Jan 15, 2017.
             Was a Believer of Okawaru.
             Slain by a phantom (2 damage)
             ... on level 5 of the Dungeon.
             The game lasted 00:14:54 (3699 turns).

Goblin1989 the Grappler (Ghoul Fighter)             Turns: 3699, Time: 00:14:54

Health: 0/67       AC:  7    Str: 22    XL:     8   Next: 22%
Magic:  7/7        EV:  7    Int:  3    God:    Okawaru [**....]
Gold:   141        SH:  9    Dex:  8    Spells: 0 memorised, 7 levels left

rFire  . . .     SeeInvis .       - Unarmed
rCold  + . .     Clarity  .     a - +0 scale mail
rNeg   + + +     SustAt   .     b - +0 shield
rPois  ∞         Gourm    .     (no helmet)
rElec  .         Spirit   .     (no cloak)
rCorr  .         Warding  .     (no gloves)
rMut   .         Stasis   .     (no boots)
MR     .....                    (no amulet)
Stlth  ..........               (no ring)
                                (no ring)

@: rotting, not resistant to hostile enchantments, extremely unstealthy
A: rotting body, claws 1, carnivore 3, cold resistance 1, negative energy
resistance 3, slow regeneration 1, torment resistance, unbreathing
a: Heroism, Renounce Religion


You were on level 5 of the Dungeon.
You worshipped Okawaru.
Okawaru was pleased with you.
You were not hungry.

You visited 1 branch of the dungeon, and saw 5 of its levels.

You collected 141 gold pieces.

Inventory:

Armour
 a - a +0 scale mail (worn)
 b - a +0 shield (worn)
 e - a +0 cloak
 i - a cursed +0 cloak
 j - a +0 cloak
 n - a +0 cloak
 w - a +0 pair of boots
Scrolls
 g - 2 scrolls of remove curse {unknown}
 h - 3 scrolls of identify {unknown}
 r - a scroll of fog {unknown}
 t - 2 scrolls of teleportation {unknown}
 u - a scroll of fear {unknown}
 v - 2 scrolls of blinking {unknown}
 x - 2 scrolls of enchant armour {unknown}
 y - a scroll of random uselessness {unknown}
Potions
 c - 3 potions of might
 k - 2 potions of curing {@q1}
 l - a potion of ambrosia {!q}
 m - 3 potions of poison
 s - a potion of brilliance
 z - a potion of heal wounds {unknown}
Books
 o - Vehumet's Incunabulum of Battle Magic
   (You found it on level 2 of the Dungeon)

   Spells                             Type                      Level
   a - Magic Dart                     Conjuration                  1
 p - Sif Muna's Collected Works on Transformation
   (You found it on level 2 of the Dungeon)

   Spells                             Type                      Level
   a - Beastly Appendage              Transmutation                1
 q - Kikubaaqudgha's Handbook of Dark Magic
   (You found it on level 2 of the Dungeon)

   Spells                             Type                      Level
   a - Animate Skeleton               Necromancy                   1
Comestibles
 d - 2 meat rations {@e2}
 f - a slice of pizza


   Skills:
 + Level 4.8 Fighting
 + Level 4.2 Armour
 + Level 3.9 Shields
 * Level 8.2 Unarmed Combat


You had 7 spell levels left.
You didn't know any spells.

Dungeon Overview and Level Annotations

Branches:
Dungeon (5/15)             Temple (0/1) D:4

Altars:
Kikubaaqudgha
Okawaru
Sif Muna
Vehumet
The Shining One
Jiyva


Innate Abilities, Weirdness & Mutations

Your body is rotting away.
You thrive on raw meat.
You are immune to poison.
You have sharp fingernails.
You are carnivorous and can eat meat at any time.
Your flesh is cold resistant.
You are immune to negative energy.
You regenerate slowly when monsters are visible.
You are immune to unholy pain and torment.
You can survive without breathing.


Message History

The orc wizard points at you and mumbles some strange words.
The magic dart hits you!
* * * LOW HITPOINT WARNING * * *
You take 4 damage, and have 2/67 hp.
Unknown command.
You claw the orc wizard!
The orc wizard is severely wounded.
You block the orc's attack. You block the orc wizard's attack.
Unknown command.
You claw the orc wizard!
You kill the orc wizard!
Okawaru accepts your kill.
Unknown command.
You claw the phantom!
The phantom is moderately damaged.
Unknown command.
You miss the phantom.
The phantom is moderately damaged.
The phantom hits you.
You die...

...... .. .. ██..... .
... ...█...██. ... ..
.█.......██.█ █.█
█............ . █.█
...........███.. █.█
█...█...)........ █.█
██...█...█@█ ....
███.███........█W██....█
<...██..........c.......
....█..<.....███.....█..
....█[.......█.....█.█
.....[█........███.█ ..
......██.......███.█ █.
...........█..█....█
.....██.........█████


You could see a phantom and a centaur.

Vanquished Creatures
  Eustachio (D:4)
  A phantom (D:5)
  A centaur (D:5)
  A scorpion (D:4)
  4 wights (D:5)
  A crimson imp (D:5)
  2 orc wizards (D:5)
  4 worker ants (D:4)
  A giant frog skeleton (D:5)
  2 jellies
  Jessica (D:3)
  2 orc priests (D:4)
  An iguana (D:4)
  2 adders
  3 oozes (D:4)
  An adder zombie (D:3)
  An adder skeleton (D:5)
  4 worms
  11 orcs
  A ball python (D:1)
  6 bats
  8 hobgoblins
  6 kobolds
  3 giant cockroaches
  3 giant geckos
  4 giant newts
  9 goblins
  A quokka (D:3)
  6 rats
91 creatures vanquished.

Vanquished Creatures (others)
  The ghost of dscm the Covered, a weakling GrFi (D:4)
  A gnoll shaman (D:4)
  5 gnolls (D:4)
7 creatures vanquished.

Grand Total: 98 creatures vanquished

Notes
Turn   | Place    | Note
--------------------------------------------------------------
     0 | D:1      | Goblin1989 the Ghoul Fighter began the quest for the Orb.
     0 | D:1      | Reached XP level 1. HP: 19/19 MP: 0/0
    71 | D:1      | Reached XP level 2. HP: 16/26 MP: 1/1
   547 | D:1      | You fall through a shaft!
   756 | D:2      | Reached XP level 3. HP: 31/31 MP: 2/2
   868 | D:2      | Found a radiant altar of Vehumet.
   870 | D:2      | Found a deep blue altar of Sif Muna.
   870 | D:2      | Found an ancient bone altar of Kikubaaqudgha.
   878 | D:2      | Identified Vehumet's Incunabulum of Battle Magic
   885 | D:2      | Identified Sif Muna's Collected Works on Transformation
   894 | D:2      | Identified Kikubaaqudgha's Handbook of Dark Magic
  1001 | D:2      | Found a glowing golden altar of the Shining One.
  1014 | D:2      | Reached skill level 4 in Unarmed Combat
  1458 | D:3      | Found an iron altar of Okawaru.
  1482 | D:3      | Became a worshipper of Warmaster Okawaru
  1569 | D:3      | Reached XP level 4. HP: 35/38 MP: 3/3
  1589 | D:3      | Noticed Jessica
  1616 | D:3      | Killed Jessica
  1616 | D:3      | Reached skill level 5 in Unarmed Combat
  1994 | D:3      | Reached XP level 5. HP: 40/42 MP: 4/4
  2227 | D:4      | Reached skill level 6 in Unarmed Combat
  2414 | D:5      | Entered Level 5 of the Dungeon
  2452 | D:4      | Reached XP level 6. HP: 38/51 MP: 5/5
  2464 | D:4      | Reached * piety under Okawaru
  2607 | D:4      | Noticed Eustachio
  2782 | D:4      | Found a viscous altar of Jiyva.
  2846 | D:4      | Killed dscm's ghost
  2948 | D:4      | HP: 1/51 [white imp/puff of frost[Eustachio] (2)]
  2964 | D:4      | Killed Eustachio
  2964 | D:4      | Reached skill level 7 in Unarmed Combat
  2964 | D:4      | Reached XP level 7. HP: 21/59 MP: 3/6
  3236 | D:4      | Found a staircase to the Ecumenical Temple.
  3442 | D:5      | Noticed a phantom
  3631 | D:5      | Killed a phantom
  3642 | D:5      | Reached XP level 8. HP: 65/67 MP: 7/7
  3665 | D:5      | Noticed a centaur
  3678 | D:5      | Noticed a centaur
  3682 | D:5      | Noticed a phantom
  3682 | D:5      | Reached skill level 8 in Unarmed Combat
  3692 | D:5      | Killed a centaur
  3692 | D:5      | Reached ** piety under Okawaru
  3695 | D:5      | HP: 2/67 [orc wizard/magic dart (4)]
  3699 | D:5      | Slain by a phantom

Action                   |  1- 3 |  4- 6 |  7- 9 || total
-------------------------+-------+-------+-------++-------
Melee: Unarmed           |   142 |   174 |    74 ||   390
Invok: Heroism           |       |     3 |     2 ||     5
  Use: Potion            |       |     6 |       ||     6
  Eat: Chunk             |    17 |    18 |       ||    35

Vault maps used:
D:1:      lightli_arrival_lavapool
D:2:      grunt_temple_overflow_magic_moments, first_bread, tso_metal_star
D:3:      okawaru_ov_weapons_minmay, uniq_jessica
D:4:      lemuel_temple_firewalk_marked, minivault_1, minmay_misc_feat_tiny,
          jiyva_altar_1, uniq_eustachio
D:5:      uniq_menkaure
